Construct Section Command Post
Construct Platoon Command Post
Selects Canadian Shock Battlegroup
Construct Field Infirmary
Selects Incendiary Munitions
Selects Canadian Shock Section
Unlock Bishop Self-propelled Artillery
Bishop Self-propelled Artillery
6-pounder Anti-tank Gun Team
Bishop Self-propelled Artillery
6-pounder Anti-tank Gun Team
Selects Churchill Crocodile Heavy Tank
Churchill Crocodile Heavy Tank